 Dungeon Crawl Stone Soup version 0.28-a0-628-g3c9886e45e (webtiles) character file.

Game seed: 16755449924182216458

112655 gruber the Fighter (level 16, -2/129 HPs)
             Began as a Gnoll Ice Elementalist on Oct 2, 2021.
             Was the Champion of Okawaru.
             Slain by a jumping spider (12 damage)
             ... on level 1 of the Spider Nest on Oct 8, 2021.
             The game lasted 01:14:17 (37177 turns).

gruber the Fighter (Gnoll Ice Elementalist)        Turns: 37177, Time: 01:14:18

Health: -2/129     AC: 28    Str: 15    XL:     16   Next: 61%
Magic:  10/32      EV: 16    Int: 27    God:    Okawaru [******]
Gold:   1494       SH: 13    Dex: 20    Spells: 15/39 levels left

rFire   . . .      SeeInvis .   I - +8 falchion "Daveagg" {flame, Str+4}
rCold   . . .      Faith    .   G - +0 kite shield
rNeg    . . .      Spirit   .   z - +4 scale mail {rPois}
rPois   +          Reflect  .   f - +2 hat
rElec   .          Harm     .   s - +2 cloak {Stlth+}
rCorr   +          Rampage  +   Q - +0 pair of gloves
Will    +....                   N - +2 pair of boots {rampage}
Stlth   +++++.....              W - amulet of Dim Light {Acrobat rCorr Str+4 Dex+6}
HPRegen 0.31/turn               U - +4 ring of slaying
MPRegen 0.23/turn               a - +6 ring of intelligence

@: lethally poisoned (-2 -> -55), ice-armoured, studying Fighting
A: fangs 1, strong nose, distributed training
a: Renounce Religion, Heroism, Finesse, Duel


You were on level 1 of the Spider Nest.
You worshipped Okawaru.
Okawaru was exalted by your worship.
You visited 5 branches of the dungeon, and saw 25 of its levels.

You collected 3069 gold pieces.
You spent 1575 gold pieces at shops.

Inventory:

Hand Weapons
 u - the +4 morningstar of Instant Death {drain, rF++}
   (You bought it in a shop on level 2 of the Orcish Mines)

   A truly terrible weapon, it drains the life of any living foe it strikes.
   rF:        It greatly protects you from fire.
 I - the +8 falchion "Daveagg" (weapon) {flame, Str+4}
   (You bought it in a shop on level 2 of the Orcish Mines)

   It burns those it strikes, dealing additional fire damage.
   Big, fiery blades are also staple armaments of hydra-hunters.
   Str:       It affects your strength (+4).
 X - a +2 vampiric spear
Missiles
 d - 3 curare-tipped darts
 r - 33 poisoned darts (quivered)
 A - 3 throwing nets
Armour
 f - a +2 hat (worn)
 s - a +2 cloak of stealth (worn)
 z - a +4 scale mail of poison resistance (worn)
 G - a +0 kite shield (worn)
 N - a +2 pair of boots of rampaging (worn)
 Q - a +0 pair of gloves (worn)
 Y - a +2 troll leather armour {Snorg}
Jewellery
 a - a +6 ring of intelligence (right hand)
 m - a ring of wizardry
 R - a ring of protection from cold
 U - a +4 ring of slaying (left hand)
 V - a ring of see invisible
 W - the amulet of Dim Light (around neck) {Acrobat rCorr Str+4 Dex+6}
   (You found it on level 2 of the Lair of Beasts)

   [amulet of the acrobat]

   It increases your evasion while moving and waiting.
   Str:       It affects your strength (+4).
   Dex:       It affects your dexterity (+6).
   rCorr:     It protects you from acid and corrosion.
 Z - a ring of positive energy
Wands
 b - a wand of flame (26)
 o - a wand of paralysis (35)
 C - a wand of iceblast (14)
 T - a wand of digging (3)
Scrolls
 c - 4 scrolls of amnesia {unknown}
 g - 2 scrolls of silence {unknown}
 h - a scroll of enchant armour {unknown}
 k - 11 scrolls of teleportation
 n - 9 scrolls of noise {unknown}
 p - 6 scrolls of magic mapping {unknown}
 q - 3 scrolls of fog {unknown}
 t - 6 scrolls of enchant weapon {unknown}
 v - 4 scrolls of vulnerability {unknown}
 x - 2 scrolls of blinking
 y - a scroll of torment {unknown}
 D - a scroll of brand weapon {unknown}
 E - 2 scrolls of holy word {unknown}
 H - 3 scrolls of immolation {unknown}
 J - a scroll of identify
 K - 3 scrolls of summoning {unknown}
 M - 3 scrolls of fear {unknown}
 P - a scroll of acquirement {unknown}
Potions
 e - 8 potions of curing
 i - a potion of cancellation
 j - a potion of invisibility
 l - a potion of might
 w - 2 potions of berserk rage
 B - 2 potions of flight
 F - 4 potions of brilliance
 L - a potion of resistance
 O - a potion of heal wounds
 S - 3 potions of haste


   Skills:
 + Level 12.4 Fighting
 + Level 11.0 Short Blades
 + Level 11.0 Long Blades
 + Level 11.0 Axes
 + Level 11.0 Maces & Flails
 + Level 11.0 Polearms
 + Level 11.0 Staves
 + Level 11.0 Slings
 + Level 11.0 Bows
 + Level 11.0 Crossbows
 + Level 11.0 Throwing
 + Level 11.0 Armour
 + Level 11.9 Dodging
 + Level 11.8 Stealth
 + Level 11.0 Shields
 + Level 11.0 Unarmed Combat
 + Level 12.1 Spellcasting
 + Level 9.3 Conjurations
 + Level 9.3 Hexes
 + Level 9.3 Summonings
 + Level 9.3 Necromancy
 + Level 9.3 Translocations
 + Level 9.3 Transmutations
 + Level 9.3 Fire Magic
 + Level 11.6 Ice Magic
 + Level 9.3 Air Magic
 + Level 9.3 Earth Magic
 + Level 9.3 Poison Magic
 + Level 12.0 Invocations
 + Level 11.0 Evocations


You had 15 spell levels left.
You knew the following spells:

 Your Spells              Type           Power      Damage    Failure   Level
a - Freeze                Ice            100%       1d11      1%          1
b - Frozen Ramparts       Ice            100%       1d12      1%          3
c - Ozocubu's Armour      Ice            68%        N/A       1%          3
d - Hailstorm             Conj/Ice       64%        3d14      2%          4
e - Blink                 Tloc           N/A        N/A       1%          2
f - Searing Ray           Conj           100%       2d8       1%          2
g - Sticky Flame          Conj/Fire      61%        2d8       3%          4
h - Borgnjor's Vile Clut  Necr/Erth      30%        N/A       10%         5

Your spell library contained the following spells:

 Spells                   Type           Power      Damage    Failure   Level
 Apportation              Tloc           100%       N/A       1%          1
 Magic Dart               Conj           100%       1d8       1%          1
 Sublimation of Blood     Necr           30%        N/A       1%          2
 Conjure Flame            Conj/Fire      61%        6-21      1%          3
 Dazzling Flash           Conj/Hex       100%       N/A       1%          3
 Ignite Poison            Fire/Tmut/Pois 61%        N/A       1%          3
 Cause Fear               Hex            30%        N/A       3%          4
 Fulminant Prism          Conj/Hex       30%        3d16      3%          4
 Petrify                  Tmut/Erth      61%        N/A       3%          4
 Agony                    Necr           61%        N/A       10%         5
 Alistair's Intoxication  Tmut/Pois      40%        N/A       10%         5
 Irradiate                Conj/Tmut      30%        3d24      10%         5
 Manifold Assault         Tloc           61%        N/A       10%         5
 Silence                  Hex/Air        30%        N/A       10%         5
 Eringya's Noxious Bog    Tmut/Pois      30%        N/A       50%         6
 Dragon Form              Tmut           30%        N/A       97%         7
 Storm Form               Tmut/Air       30%        N/A       97%         7
 Animate Skeleton         Necr           Unusable   N/A       N/A         1
 Summon Small Mammal      Summ           Unusable   N/A       N/A         1
 Dragon's Call            Summ           Unusable   N/A       N/A         9

Dungeon Overview and Level Annotations

Branches:
Dungeon (15/15)            Temple (1/1) D:5            Lair (6/6) D:10
 Shoals (0/4) Lair:2       Spider (1/4) Lair:4        Slime (0/5) Lair:6
    Orc (2/2) D:10            Elf (0/3) Orc:2        Vaults (0/5) D:13
 Depths (0/4) D:15

Altars:
Ashenzari
Cheibriados
Dithmenos
Elyvilon
Fedhas
Gozag
Hepliaklqana
Kikubaaqudgha
Nemelex Xobeh
Okawaru
Sif Muna
Trog
Vehumet
Wu Jian
Xom
Yredelemnul
Zin
The Shining One
Beogh

Shops:
D:4 (   D:8 !   D:10 :*   Orc:2 [([?

Annotations:
D:12 Urug
Lair:3 2 transporters, Fioreotur's ghost, journeyman TrMo


Innate Abilities, Weirdness & Mutations

You have very sharp teeth.
Your uncanny sense of smell can sniff out nearby items.
Your experience applies equally to all skills.


Message History

Unknown command.
Unknown command.
Hit: I) +8 falchion "Daveagg" {flame, Str+4}
Press: ? - help, Dir - move target, f/p - emperor scorpion
Aim: an emperor scorpion (almost dead, covered in liquid flames, about 16% to evade the +8 falchion "Daveagg")
You barely miss the emperor scorpion.
The emperor scorpion is almost dead.
You feel very sick.
The emperor scorpion burns!
You block the jumping spider's attack.
The jumping spider bites you but does no damage.
You block the emperor scorpion's attack.
The emperor scorpion barely misses you. x2
The jumping spider barely misses you. The jumping spider closely misses you.
Unknown command.
Unknown command.
You hit the emperor scorpion but do no damage.
You bite the emperor scorpion, but do no damage.
The emperor scorpion is almost dead.
You feel very sick.
The emperor scorpion burns!
The jumping spider pounces on you but does no damage.
The jumping spider bites you. The emperor scorpion stings you!!
* * * LOW HITPOINT WARNING * * *
You are lethally poisoned!
The emperor scorpion poisons you!
You block the emperor scorpion's attack.
The emperor scorpion claws you but does no damage.
Unknown command.
Casting: Sticky Flame (mildly dangerous; 3% risk of failure)
Confirm with . or Enter, or press ? or * to list all spells.
Aiming: Freeze (safe; 1% risk of failure)
Press: ? - help, Shift-Dir - straight line, f/p - emperor scorpion
Aim: an emperor scorpion (almost dead, covered in liquid flames)
You freeze the emperor scorpion!
You kill the emperor scorpion!
Okawaru accepts your kill.
* * * LOW HITPOINT WARNING * * *
You feel extremely sick. The jumping spider pounces on you!
You die...

.....# ##..(#.#.#..#
#....# ####..######
.##.## ##..# ..#...
#.††# ∆ .#.#.#. # ∆
#...# ...### .
#.#######.##########
.##.
##.#...#...#..[#....#
#
#...................#
#.†@......#†#.....##
#..s#...#####..###..#
#...##.## #...#...#
##.. #..# #...#...#
#.# #.^# #[..##..# #.
#### #...#..## $.
#..###..# ..
##^.#...# #..#.#.#


You could see a jumping spider.

Vanquished Creatures
  Saint Roka (Orc:2)
  Kirke (D:13)
  An orc warlord (Orc:1)
  An emperor scorpion (Spider:1)
  A stone giant (D:15)
  2 dire elephants (Lair:6)
  Snorg (Lair:5)
  A fire dragon (Lair:6)
  Harold (D:7)
  9 hydras
  4 boulder beetles
  3 catoblepae
  2 death knights (D:15)
  2 centaur warriors
  3 tengu warriors
  11 death yaks
  4 two-headed ogres
  2 orc high priests (Orc:2)
  A deep elf knight (D:13)
  A skeletal warrior (D:14)
  A swamp dragon (Lair:6)
  A flayed ghost (D:8)
  2 deep trolls (D:15)
  A phantasmal warrior (D:15)
  Pikel (D:7)
  2 deep elf pyromancers
  3 deep elf zephyrmancers (D:13)
  2 lindwurms (Lair:6)
  5 orb spiders (Spider:1)
  6 orc knights
  6 orc sorcerers
  A necromancer (D:15)
  A cyclops (D:12)
  5 manticores
  14 ugly things
  13 slime creatures
  5 black mambas
  A moth of wrath (Spider:1)
  11 elephants
  An elephant (shapeshifter) (D:14)
  Maurice (D:9)
  3 merfolk sirens (Lair:2)
  15 cane toads
  An unseen horror (D:11)
  5 yaktaurs
  Psyche (D:10)
  Maggie (D:7)
  10 rime drakes
  11 komodo dragons
  An efreet (D:15)
  3 freezing wraiths (D:15)
  3 tengu conjurers
  7 jumping spiders (Spider:1)
  A merfolk (Lair:2)
  7 trolls
  3 meliai (D:13)
  2 polar bears
  A hornet (shapeshifter) (D:15)
  3 hornets (Spider:1)
  3 blink frogs (Lair:3)
  2 dream sheep (Lair:6)
  21 redbacks (Spider:1)
  A meliai zombie (D:10)
  4 shadows
  48 yaks
  4 tarantellas (Spider:1)
  5 wraiths
  10 wyverns
  5 humans (D:13)
  A steam dragon (Lair:6)
  17 basilisks
  2 vampire mosquitoes (D:13)
  3 wargs
  2 acid dragons (Lair:6)
  A hell hound (Lair:4)
  15 water moccasins
  Duvessa (D:7)
  2 swamp drakes (Lair:6)
  37 orc warriors
  3 sky beasts
  3 black bears
  A necrophage (D:8)
  5 boggarts
  8 centaurs
  8 wolves
  6 ogres
  4 kobold brigands
  A gnoll sergeant (D:10)
  9 bullfrogs
  Dowan (D:7)
  5 scorpions
  17 killer bees
  4 wights (D:8)
  7 howler monkeys
  A centaur zombie (D:6)
  A bullfrog zombie (D:7)
  Crazy Yiuf (D:6)
  A centaur skeleton (D:7)
  An iron imp (D:7)
  A hound (D:5)
  13 jellies
  18 orc priests
  6 iguanas
  Ijyb (D:4)
  23 orc wizards
  10 hell rats
  11 gnolls
  5 river rats (Lair:5)
  9 adders
  3 white imps
  A worm (D:3)
  2 dart slugs
  98 orcs
  17 bats
  10 endoplasms
  A giant cockroach (D:3)
  5 goblins
  6 hobgoblins
  6 jackals
  5 quokkas
  2 ball pythons
  2 frilled lizards (D:3)
  9 kobolds
  15 rats
  A spectral orc (D:7)
764 creatures vanquished.

Vanquished Creatures (others)
  An orc (Orc:2)
  29 fungi
  90 plants
120 creatures vanquished.

Grand Total: 884 creatures vanquished

Notes
Turn   | Place    | Note
-------+----------+-------------------------------------------
     0 | D:1      | gruber the Gnoll Ice Elementalist began the quest for the
                  | Orb.
     0 | D:1      | Reached XP level 1. HP: 13/13 MP: 6/6
   228 | D:1      | Reached XP level 2. HP: 16/19 MP: 2/7
   835 | D:1      | Reached XP level 3. HP: 20/25 MP: 6/9
   839 | D:1      | Learned a level 3 spell: Frozen Ramparts
  1056 | D:1      | Reached skill level 5 in Spellcasting
  1246 | D:2      | Upgraded the game from 0.28-a0-580-ga2639ab843 to
                  | 0.28-a0-628-g3c9886e45e
  1385 | D:2      | Reached skill level 1 in Invocations
  2111 | D:3      | Reached skill level 1 in Fighting
  2111 | D:3      | Reached skill level 1 in Short Blades
  2111 | D:3      | Reached skill level 1 in Long Blades
  2111 | D:3      | Reached skill level 1 in Axes
  2111 | D:3      | Reached skill level 1 in Maces & Flails
  2111 | D:3      | Reached skill level 1 in Polearms
  2111 | D:3      | Reached skill level 1 in Staves
  2111 | D:3      | Reached skill level 1 in Slings
  2111 | D:3      | Reached skill level 1 in Bows
  2111 | D:3      | Reached skill level 1 in Crossbows
  2111 | D:3      | Reached skill level 1 in Throwing
  2111 | D:3      | Reached skill level 1 in Armour
  2111 | D:3      | Reached skill level 1 in Shields
  2111 | D:3      | Reached skill level 1 in Unarmed Combat
  2111 | D:3      | Reached skill level 1 in Evocations
  2111 | D:3      | Reached XP level 4. HP: 27/32 MP: 7/11
  2521 | D:4      | Noticed Ijyb
  2528 | D:4      | Paralysed by Ijyb for 4 turns
  2535 | D:4      | Killed Ijyb
  2536 | D:4      | Reached skill level 1 in Conjurations
  2536 | D:4      | Reached skill level 1 in Hexes
  2536 | D:4      | Reached skill level 1 in Summonings
  2536 | D:4      | Reached skill level 1 in Necromancy
  2536 | D:4      | Reached skill level 1 in Translocations
  2536 | D:4      | Reached skill level 1 in Transmutations
  2536 | D:4      | Reached skill level 1 in Fire Magic
  2536 | D:4      | Reached skill level 1 in Air Magic
  2536 | D:4      | Reached skill level 1 in Earth Magic
  2536 | D:4      | Reached skill level 1 in Poison Magic
  2728 | D:4      | Reached XP level 5. HP: 30/37 MP: 8/12
  2923 | D:4      | Found Roterorph's Antique Weapon Boutique.
  3273 | D:5      | Entered Level 5 of the Dungeon
  3344 | D:5      | Noticed a yak
  3362 | D:5      | Killed a yak
  3363 | D:5      | Reached skill level 5 in Dodging
  3363 | D:5      | Reached XP level 6. HP: 30/44 MP: 8/14
  3470 | D:5      | Noticed a yak
  3470 | D:5      | Noticed a yak
  3486 | D:5      | Learned a level 3 spell: Ozocubu's Armour
  3495 | D:5      | Killed a yak
  3496 | D:5      | Reached XP level 7. HP: 24/50 MP: 9/15
  3570 | D:5      | Killed a yak
  3791 | D:5      | Found a staircase to the Ecumenical Temple.
  3838 | D:5      | Reached skill level 5 in Stealth
  4049 | D:5      | Reached XP level 8. HP: 35/57 MP: 13/16
  4166 | Temple   | Entered the Ecumenical Temple
  4204 | Temple   | Became a worshipper of Warmaster Okawaru
  4635 | D:5      | Found an opulent altar of Gozag.
  5099 | D:5      | Found a shadowy altar of Dithmenos.
  5285 | D:6      | Reached * piety under Okawaru
  5853 | D:6      | Found a runed translucent door.
  5854 | D:6      | Noticed Crazy Yiuf
  5861 | D:6      | Killed Crazy Yiuf
  6379 | D:3      | Found a broken altar of Ashenzari.
  6622 | D:3      | Learned a level 4 spell: Hailstorm
  6631 | D:3      | Reached XP level 9. HP: 60/65 MP: 14/18
  6763 | D:7      | Noticed Duvessa
  6763 | D:7      | Noticed Dowan
  6770 | D:7      | Killed Duvessa
  6772 | D:7      | Killed Dowan
  6854 | D:7      | Found a sparkling altar of Nemelex Xobeh.
  6934 | D:7      | Noticed Harold
  6948 | D:7      | Killed Harold
  6965 | D:7      | Reached ** piety under Okawaru
  7262 | D:7      | Noticed Pikel
  7277 | D:7      | Killed Pikel
  7278 | D:7      | Reached skill level 5 in Invocations
  7319 | D:7      | Noticed Maggie
  7328 | D:7      | Killed Maggie
  7329 | D:7      | Reached XP level 10. HP: 62/73 MP: 14/20
  7447 | D:7      | Reached skill level 5 in Fighting
  7447 | D:7      | Reached skill level 5 in Short Blades
  7447 | D:7      | Reached skill level 5 in Long Blades
  7447 | D:7      | Reached skill level 5 in Axes
  7447 | D:7      | Reached skill level 5 in Maces & Flails
  7447 | D:7      | Reached skill level 5 in Polearms
  7447 | D:7      | Reached skill level 5 in Staves
  7447 | D:7      | Reached skill level 5 in Slings
  7447 | D:7      | Reached skill level 5 in Bows
  7447 | D:7      | Reached skill level 5 in Crossbows
  7447 | D:7      | Reached skill level 5 in Throwing
  7447 | D:7      | Reached skill level 5 in Armour
  7447 | D:7      | Reached skill level 5 in Shields
  7447 | D:7      | Reached skill level 5 in Unarmed Combat
  7447 | D:7      | Reached skill level 5 in Evocations
  7624 | D:7      | Found a shimmering blue altar of Sif Muna.
  7893 | D:7      | Reached *** piety under Okawaru
  8097 | D:7      | Found a snail-covered altar of Cheibriados.
  8429 | D:7      | Found a basalt altar of Yredelemnul.
  8763 | D:8      | Found Faut's Distillery.
  9302 | D:8      | Found a runed translucent door.
  9589 | D:8      | Found a glowing silver altar of Zin.
  9607 | D:8      | Found an iron altar of Okawaru.
  9617 | D:8      | Found a snail-covered altar of Cheibriados.
  9856 | D:8      | Found a basalt altar of Yredelemnul.
  9878 | D:8      | Found a broken altar of Ashenzari.
 10076 | D:8      | Found a blossoming altar of Fedhas.
 10282 | D:8      | Noticed a flayed ghost
 10356 | D:9      | Noticed Maurice
 10366 | D:9      | Killed Maurice
 10442 | D:9      | Reached **** piety under Okawaru
 11303 | D:9      | Found an ornate altar of the Wu Jian Council.
 11304 | D:9      | Found a radiant altar of Vehumet.
 11307 | D:9      | Found a shimmering altar of Xom.
 11348 | D:9      | Reached XP level 11. HP: 69/81 MP: 12/22
 12316 | D:10     | Entered Level 10 of the Dungeon
 12316 | D:10     | Found a staircase to the Orcish Mines.
 12451 | D:10     | Reached skill level 5 in Conjurations
 12451 | D:10     | Reached skill level 5 in Hexes
 12451 | D:10     | Reached skill level 5 in Summonings
 12451 | D:10     | Reached skill level 5 in Necromancy
 12451 | D:10     | Reached skill level 5 in Translocations
 12451 | D:10     | Reached skill level 5 in Transmutations
 12451 | D:10     | Reached skill level 5 in Fire Magic
 12451 | D:10     | Reached skill level 5 in Air Magic
 12451 | D:10     | Reached skill level 5 in Earth Magic
 12451 | D:10     | Reached skill level 5 in Poison Magic
 12502 | D:10     | Found a white marble altar of Elyvilon.
 12505 | D:10     | Found a glowing silver altar of Zin.
 12506 | D:10     | Found a glowing golden altar of the Shining One.
 12556 | D:10     | Noticed Psyche
 13341 | D:10     | Found a staircase to the Lair.
 13477 | D:10     | Found Igronu's Book Shoppe.
 13831 | D:10     | Found Daddisoh's CLEARANCE SALE!.
 13922 | D:10     | Killed Psyche
 14310 | D:11     | Received a gift from Okawaru
 14327 | D:11     | Reached ***** piety under Okawaru
 14343 | D:11     | Noticed a two-headed ogre
 14343 | D:11     | Noticed a seven-headed hydra
 14352 | D:11     | Killed a two-headed ogre
 14353 | D:11     | Killed a seven-headed hydra
 14941 | D:11     | Identified the +0 pair of boots of Ehunyoren {Harm Dex+2}
 15372 | D:11     | Learned a level 2 spell: Blink
 15555 | D:12     | Noticed Urug
 15625 | D:12     | Noticed a white ugly thing
 15702 | Lair:1   | Entered Level 1 of the Lair of Beasts
 16248 | Lair:1   | Learned a level 2 spell: Searing Ray
 16253 | Lair:1   | Learned a level 4 spell: Sticky Flame
 16322 | Lair:1   | Reached XP level 12. HP: 56/89 MP: 13/24
 17743 | Lair:2   | Reached ****** piety under Okawaru
 18167 | Lair:2   | Identified the amulet of Dim Light {Acrobat rCorr Str+4
                  | Dex+6}
 18283 | Lair:2   | Found a staircase to the Shoals.
 18393 | Lair:2   | Received a gift from Okawaru
 18832 | Lair:3   | Noticed Fioreotur's ghost (journeyman TrMo)
 18996 | Lair:3   | Received a gift from Okawaru
 19096 | Lair:3   | Found a transporter.
 19096 | Lair:3   | Found a transporter.
 19606 | Lair:3   | Noticed a six-headed hydra
 19616 | Lair:3   | Killed a six-headed hydra
 19616 | Lair:3   | Received a gift from Okawaru
 19712 | Lair:3   | Noticed a four-headed hydra
 19720 | Lair:3   | Killed a four-headed hydra
 19777 | Lair:3   | Noticed a seven-headed hydra
 19785 | Lair:3   | Killed a seven-headed hydra
 19785 | Lair:3   | Received a gift from Okawaru
 19786 | Lair:3   | Reached XP level 13. HP: 88/98 MP: 9/26
 20246 | Lair:3   | Received a gift from Okawaru
 21241 | Lair:4   | Found a hole to the Spider Nest.
 21459 | Lair:4   | Reached skill level 10 in Ice Magic
 22620 | Lair:5   | Noticed Snorg
 22635 | Lair:5   | Killed Snorg
 22636 | Lair:5   | Reached skill level 10 in Spellcasting
 23127 | Lair:5   | Received a gift from Okawaru
 23232 | Lair:5   | Reached skill level 10 in Dodging
 23232 | Lair:5   | Reached XP level 14. HP: 106/106 MP: 28/28
 23567 | Lair:5   | Reached skill level 10 in Stealth
 23808 | Lair:6   | Entered Level 6 of the Lair of Beasts
 23991 | Lair:5   | Received a gift from Okawaru
 24143 | Lair:5   | Reached skill level 10 in Invocations
 24653 | Lair:6   | Found a staircase to the Slime Pits.
 25159 | Lair:6   | Noticed a dire elephant
 25482 | D:10     | Bought a manual of Fighting for 960 gold pieces
 25582 | Lair:3   | Found a bloodstained altar of Trog.
 26164 | Lair:6   | Killed a dire elephant
 26393 | Lair:6   | Noticed a dire elephant
 26481 | Lair:6   | Killed a dire elephant
 26633 | Lair:6   | Received a gift from Okawaru
 27571 | D:8      | Reached skill level 10 in Fighting
 27574 | D:8      | Identified the amulet "Tucw" {RegenMP MP+9 Str+2 Dex+3}
 28096 | D:12     | Reached XP level 15. HP: 115/115 MP: 21/29
 28250 | D:12     | You fall into a shaft and drop 1 floor!
 28253 | D:13     | Noticed Kirke
 28407 | D:13     | Learned a level 5 spell: Borgnjor's Vile Clutch
 29274 | D:13     | Killed Kirke
 29275 | D:13     | Reached skill level 10 in Short Blades
 29275 | D:13     | Reached skill level 10 in Long Blades
 29275 | D:13     | Reached skill level 10 in Axes
 29275 | D:13     | Reached skill level 10 in Maces & Flails
 29275 | D:13     | Reached skill level 10 in Polearms
 29275 | D:13     | Reached skill level 10 in Staves
 29275 | D:13     | Reached skill level 10 in Slings
 29275 | D:13     | Reached skill level 10 in Bows
 29275 | D:13     | Reached skill level 10 in Crossbows
 29275 | D:13     | Reached skill level 10 in Throwing
 29275 | D:13     | Reached skill level 10 in Armour
 29275 | D:13     | Reached skill level 10 in Shields
 29275 | D:13     | Reached skill level 10 in Unarmed Combat
 29275 | D:13     | Reached skill level 10 in Evocations
 29483 | D:13     | Found a gate to the Vaults.
 29652 | D:13     | Found a blossoming altar of Fedhas.
 29806 | D:14     | Received a gift from Okawaru
 30241 | D:14     | Received a gift from Okawaru
 30322 | D:14     | Received a gift from Okawaru
 30637 | D:14     | Received a gift from Okawaru
 30930 | D:15     | Entered Level 15 of the Dungeon
 31454 | D:15     | Found a staircase to the Depths.
 32403 | D:15     | Reached XP level 16. HP: 116/126 MP: 31/31
 33046 | Orc:1    | Entered Level 1 of the Orcish Mines
 33611 | Orc:2    | Entered Level 2 of the Orcish Mines
 33872 | Orc:2    | Noticed Saint Roka
 33875 | Orc:2    | Received a gift from Okawaru
 33918 | Orc:2    | Found a staircase to the Elven Halls.
 35304 | Orc:2    | Found Ucaeriuh's Magic Scroll Shop.
 35849 | Orc:2    | Killed Saint Roka
 35942 | Orc:2    | Found Yhanetan's Antique Weapon Boutique.
 35944 | Orc:2    | Found Fisub's Antique Armour Shop.
 35979 | Orc:2    | Bought a steaming morningstar for 216 gold pieces
 35979 | Orc:2    | Identified the +4 morningstar of Instant Death {drain,
                  | rF++} (You bought it in a shop on level 2 of the Orcish
                  | Mines)
 35982 | Orc:2    | Bought a shimmering falchion for 192 gold pieces
 35982 | Orc:2    | Identified the +8 falchion "Daveagg" {flame, Str+4} (You
                  | bought it in a shop on level 2 of the Orcish Mines)
 36167 | Orc:2    | Found Namocvi Wuet's Antique Armour Emporium.
 36176 | Orc:2    | Bought a bloodstained ring mail for 207 gold pieces
 36176 | Orc:2    | Identified the +2 ring mail of the Evil One {Rampage +Inv
                  | Fly} (You bought it in a shop on level 2 of the Orcish
                  | Mines)
 36377 | Spider:1 | Entered Level 1 of the Spider Nest
 37177 | Spider:1 | Slain by a jumping spider

Illustrated notes

Levels and vault maps discovered:
D:1:      dpeg_arrival_prison, layout_basic
D:2:      layout_basic, chequers_garden, kennysheep_generic_room_2
D:3:      layout_rooms, mainiacjoe_overflow_cross_hatched,
          minmay_misc_feat_roman, minmay_increasing_density
D:4:      layout_basic, serial_shops, shop, chequers_serial_rivers_room_a,
          uniq_ijyb
D:5:      layout_basic, mainiacjoe_overflow_concentric_impassable,
          kennysheep_mini_moat, minmay_temple_entry_gardened_gates,
          serial_glass, glass_columns_a, glass_columns_b
D:6:      layout_cave_pools, uniq_crazy_yiuf_cottage
D:7:      layout_loops_ring, led_sif_book, nicolae_overflow_hidden_temple,
          slow_altar_1, yredelemnul_forgotten_temple_becter, uniq_duvessa,
          uniq_harold, uniq_pikel, uniq_maggie
D:8:      due_megacathedral, layout_basic, serial_shops, shop
D:9:      layout_layer_cave, minitemple, serial_rivers,
          chequers_serial_rivers_small_3, chequers_serial_rivers_room_a,
          chequers_serial_rivers_large_b, chequers_serial_rivers_micro_c,
          chequers_serial_rivers_room_a, nicolae_wwwww,
          hangedman_abyss_or_decor_passed, uniq_maurice
D:10:     layout_small_grid, good_gods_temple_1, david_lair_generic,
          orc_0_dummy, serial_shops, nicolae_stop_n_shop_2,
          nicolae_shop_clearance, uniq_psyche
D:11:     layout_roguey
D:12:     layout_grid_maze, nzn_sisyphean_effort, uniq_urug
D:13:     layout_loops_ring, hangedman_vaults_entry_quadrant_bands,
          fedhas_ov_isle_minmay, uniq_kirke
D:14:     layout_rooms, minmay_staircase_bubble
D:15:     hangedman_depths_entry_civil_slaughter, layout_cave_pools,
          hangedman_decor_clover_reticule
Temple:   jpeg_temple_island
Lair:1:   layout_cave_shapes, st_stairs_5, serial_bayou_shore_b
Lair:2:   layout_regular_city, elwin_shoals_entry_rooms, columned_hall_lemuel
Lair:3:   layout_concentric_octagons, gammafunk_ghost_wrathful_warriors
Lair:4:   layout_roguey [special_room_mythical_zoo], dummy_spider_entry,
          chequers_serial_rivers_micro_d, infiniplex_staircase_pool_2
Lair:5:   layout_hall_layers, hangedman_lair_unloving_vines,
          kennysheep_abandoned_house, uniq_snorg
Lair:6:   hangedman_lair_in_review, layout_gridlike, guppyfry_lair_end_dragon,
          minmay_slime_entry_jelly_boxes, kilobyte_rumbling_trees
Spider:1: nicolae_spider_hilbert_zone_2 [nicolae_spider_hilbert_4_sides_1_open,
          nicolae_spider_hilbert_4_sides_1_open,
          nicolae_spider_hilbert_4_sides_1_open,
          nicolae_spider_hilbert_4_sides_1_open,
          nicolae_spider_hilbert_6_sides_1_open,
          nicolae_spider_hilbert_6_sides_1_open,
          nicolae_spider_hilbert_3_sides_1_open,
          nicolae_spider_hilbert_3_sides_1_open,
          nicolae_spider_hilbert_3_sides_1_open,
          nicolae_spider_hilbert_3_sides_1_open,
          nicolae_spider_hilbert_6_sides_1_open,
          nicolae_spider_hilbert_6_sides_1_open,
          nicolae_spider_hilbert_6_sides_1_open,
          nicolae_spider_hilbert_6_sides_1_open], nicolae_spider_bug_shape
Orc:1:    layout_caves, minmay_orc_temple_b
Orc:2:    grunt_orc_community_town_hall, layout_caves,
          grunt_orc_community_big_house_1, grunt_orc_community_big_house_1,
          grunt_orc_community_house_2, grunt_orc_community_house_2,
          grunt_orc_community_house_2, grunt_orc_community_house_2,
          grunt_orc_community_house_3, grunt_orc_community_house_2

Skill      XL: |  1  2  3  4  5  6  7  8  9 10 11 12 13 14 15 16 |
---------------+-------------------------------------------------+-----
Spellcasting   | 5 6 7 8 9 10 11 12 | 12.1
Invocations    | 1 2 3 4 5 6 7 8 9 10 11 12 | 12.0
Fighting       | 1 2 3 4 5 6 7 8 10 11 12 | 12.4
Short Blades   | 1 2 3 4 5 6 7 8 9 10 11 | 11.0
Long Blades    | 1 2 3 4 5 6 7 8 9 10 11 | 11.0
Axes           | 1 2 3 4 5 6 7 8 9 10 11 | 11.0
Maces & Flails | 1 2 3 4 5 6 7 8 9 10 11 | 11.0
Polearms       | 1 2 3 4 5 6 7 8 9 10 11 | 11.0
Staves         | 1 2 3 4 5 6 7 8 9 10 11 | 11.0
Slings         | 1 2 3 4 5 6 7 8 9 10 11 | 11.0
Bows           | 1 2 3 4 5 6 7 8 9 10 11 | 11.0
Crossbows      | 1 2 3 4 5 6 7 8 9 10 11 | 11.0
Throwing       | 1 2 3 4 5 6 7 8 9 10 11 | 11.0
Armour         | 1 2 3 4 5 6 7 8 9 10 11 | 11.0
Shields        | 1 2 3 4 5 6 7 8 9 10 11 | 11.0
Unarmed Combat | 1 2 3 4 5 6 7 8 9 10 11 | 11.0
Evocations     | 1 2 3 4 5 6 7 8 9 10 11 | 11.0
Conjurations   | 1 2 3 4 5 6 7 8 9 |  9.3
Hexes          | 1 2 3 4 5 6 7 8 9 |  9.3
Summonings     | 1 2 3 4 5 6 7 8 9 |  9.3
Necromancy     | 1 2 3 4 5 6 7 8 9 |  9.3
Translocations | 1 2 3 4 5 6 7 8 9 |  9.3
Transmutations | 1 2 3 4 5 6 7 8 9 |  9.3
Fire Magic     | 1 2 3 4 5 6 7 8 9 |  9.3
Air Magic      | 1 2 3 4 5 6 7 8 9 |  9.3
Earth Magic    | 1 2 3 4 5 6 7 8 9 |  9.3
Poison Magic   | 1 2 3 4 5 6 7 8 9 |  9.3
Dodging        | 5 6 7 8 9 10 11 | 11.9
Stealth        | 5 6 7 8 9 10 11 | 11.8
Ice Magic      | 8 9 10 11 | 11.6

Action                   |  1- 3 |  4- 6 |  7- 9 | 10-12 | 13-15 | 16-18 || total
-------------------------+-------+-------+-------+-------+-------+-------++-------
Melee: Unarmed           |    14 |       |       |       |       |       ||    14
       Punch             |     1 |       |     1 |     5 |       |       ||     7
       Short sword       |    17 |    38 |    12 |       |       |       ||    67
       Bite              |     2 |     1 |    13 |    33 |   186 |    29 ||   264
       Flail             |       |       |   113 |   218 |       |       ||   331
       Trident           |       |       |       |   158 |       |       ||   158
       Spear             |       |       |       |    69 |  1311 |   179 ||  1559
       Falchion          |       |       |       |       |       |   130 ||   130
Throw: Dart              |       |       |       |       |    35 |    25 ||    60
 Cast: Freeze            |    44 |    16 |     9 |    39 |    16 |     1 ||   125
       Frozen Ramparts   |     1 |    10 |    28 |    76 |   102 |    28 ||   245
       Ozocubu's Armour  |       |     1 |    10 |    49 |    57 |    12 ||   129
       Hailstorm         |       |       |       |    43 |    47 |    27 ||   117
       Searing Ray       |       |       |       |     2 |    28 |    15 ||    45
       Sticky Flame      |       |       |       |     1 |    20 |    11 ||    32
       Borgnjor's Vile C |       |       |       |       |    20 |    16 ||    36
       Blink             |       |       |       |       |     3 |       ||     3
Invok: Heroism           |       |       |       |       |     3 |       ||     3
Evoke: Wand              |       |       |       |       |     1 |       ||     1
  Use: Scroll            |       |       |       |       |    14 |     2 ||    16
 Stab: Sleeping          |     2 |       |     5 |    15 |    11 |    10 ||    43
       Paralysed         |       |       |       |       |     6 |       ||     6
       Distracted        |       |       |       |       |     7 |     1 ||     8
Armor: Robe              |    19 |    16 |    51 |       |       |       ||    86
       Steam dragon scal |       |       |       |   202 |    59 |       ||   261
       Troll leather arm |       |       |       |       |   252 |    28 ||   280
       Scale mail        |       |       |       |       |       |    60 ||    60
Dodge: Dodged            |    32 |    23 |    97 |   341 |   659 |   145 ||  1297
Block: Buckler           |       |       |       |    58 |   185 |       ||   243
       Kite shield       |       |       |       |       |   261 |   156 ||   417

Table legend: (Time is in decaauts)
 A = Elapsed time spent in this place.
 B = Non-inter-level travel time spent in this place.
 C = Inter-level travel time spent in this place.
 D = Time resting spent in this place.
 E = Time spent auto-exploring this place.
 F = Levels seen in this place.
 G = Mean time per level.
                   A        B        C        D        E       F      G
               +--------+--------+--------+--------+--------+-----+--------+
         Total |  36867 |  33153 |   3714 |   1678 |  24959 |  25 | 1474.7 |
       Dungeon |  21174 |  18641 |   2533 |   1063 |  14459 |  15 | 1411.6 |
        Temple |     72 |     38 |     34 |      0 |     32 |   1 |   72.0 |
          Lair |  11828 |  10765 |   1063 |    223 |   8105 |   6 | 1971.3 |
   Spider Nest |    783 |    783 |      0 |    100 |    474 |   1 |  783.0 |
  Orcish Mines |   3007 |   2925 |     82 |    291 |   1889 |   2 | 1503.5 |
               +--------+--------+--------+--------+--------+-----+--------+

Top non-repeatable levels by time:
  Lair:6: 2929 daAuts
     D:8: 2241 daAuts
   Orc:2: 2116 daAuts
     D:7: 2096 daAuts
     D:9: 1979 daAuts
  Lair:3: 1976 daAuts
  Lair:5: 1963 daAuts
     D:5: 1957 daAuts
  Lair:1: 1872 daAuts
    D:10: 1630 daAuts
  Lair:2: 1563 daAuts
    D:13: 1533 daAuts
  Lair:4: 1523 daAuts
    D:15: 1323 daAuts
    D:11: 1259 daAuts
